Map: Lost and Found LE

Players

Maru

  • Race: Terran Terran
  • Spawn Location: 7:00

sOs - Winner!

  • Race: Protoss Protoss
  • Spawn Location: 1:00

Event: 2018 WCS Global Finals

VOD

Have the link to the VOD?

Description

Time

  • Played on: Nov. 2, 2018, 3:41 p.m.
  • Length: 5:17

All games in this series

Show
View Real Time Build Order
Export as new Build Order

Maru Terran 

Build Orders:  

Get SALT Encoding   

  12  0:00  SCV  
  13  0:12  SCV  
  14  0:17  Supply Depot  
  14  0:24  SCV  
  15  0:38  SCV  
  15  0:39  Barracks  
  16  0:47  Refinery  
  16  0:50  SCV  
  16  0:55  Refinery  
  17  1:02  SCV  
  18  1:15  SCV  
  19  1:26  Reaper  
  19  1:27  Orbital Command  
  20  1:49  Factory  
  20  2:04  Orbital Command  
  20  2:06  Supply Depot  
  18  2:30  SCV  
  18  2:34  Hellion  
  18  2:36  Refinery  
  20  2:41  Supply Depot  
  20  2:42  SCV  
  20  2:52  Refinery  
  20  2:55  SCV  
  21  3:07  Cyclone, SCV  
  25  3:19  SCV  
  26  3:31  SCV  
  26  3:34  Starport  
  27  3:38  Supply Depot  
  27  3:43  SCV  
  27  3:44  Barracks Reactor  
  27  3:45  Widow Mine  
  30  3:55  SCV  
  31  4:07  SCV  
  32  4:11  Cyclone  
  35  4:19  SCV  
  35  4:20  Viking  
  35  4:22  Marine  
  39  4:26  Supply Depot  
  39  4:27  Marine  
  40  4:31  SCV  
  41  4:40  Marine  
  41  4:43  SCV  
  41  4:45  Marine  
Show
View Real Time Build Order
Export as new Build Order

sOs Protoss - Winner!

Build Orders: Cannon Rush 

Get SALT Encoding   

  12  0:00  Probe  
  13  0:12  Probe  
  14  0:17  Pylon  
  14  0:24  Probe  
  15  0:34  Probe  
  15  0:35  Forge  
  15  0:42  Probe  
  17  0:52  Probe  
  17  0:54  Pylon  
  18  1:05  Probe  
  19  1:12  Photon Cannon  
  19  1:18  Pylon  
  19  1:26  Gateway  
  19  1:37  Photon Cannon  
  19  1:44  Photon Cannon  
  19  1:52  Photon Cannon  
  19  2:05  Assimilator  
  19  2:13  Probe  
  20  2:18  Cybernetics Core, Zealot  
  22  2:25  Probe  
  22  2:27  Assimilator  
  23  2:31  Warp Gate  
  23  2:38  Probe  
  24  2:44  Gateway  
  24  2:51  Probe  
  25  2:56  Zealot  
  27  3:03  Probe  
  28  3:14  Pylon, Stalker  
  28  3:18  Probe  
  31  3:32  Stalker  
  32  3:37  Gateway  
  32  3:43  Gateway  
  32  3:46  Stalker  
  34  4:02  Stalker  
  34  4:03  Probe  
  37  4:11  Pylon  
  37  4:24  Shield Battery  
  36  4:40  Stalker x3  
  36  5:08  Stalker  
  36  5:09  Stalker x3  
Tags
 
Add a new tag
Caveats
  • Supply blocks, unpowered buildings, or Contaminate may cause inaccurate times.
  • Supply counts are checked every 10 seconds.